[ AOE2 MATCH · #505818047 ]
UnrankedKhmer vs Wu
Player's team · WIN
Rival team · LOSS
[ REPLAY ANALYSIS · EXTRACTED FROM THE RECORDED GAME ]
Feudal
10:31
Castle
20:55
Imperial
—
| APM avg | 80.3 |
| APM peak | 126 |
| eAPM avg | 42.1 |
| Villagers / military | 54 / 51 |
Focus
⚔️ 71.0% · 🌾 29.0%
Cavalry Archer ×17 · Archer ×16 · Knight ×6 · Militia ×6 · Scout Cavalry ×4 · Spearman ×2
Feudal
9:15
Castle
22:28
Imperial
—
| APM avg | 70.0 |
| APM peak | 107 |
| eAPM avg | 28.9 |
| Villagers / military | 62 / 29 |
Focus
⚔️ 42.4% · 🌾 57.6%
Skirmisher ×20 · Scout Cavalry ×8 · Archer ×1
Match map
Initial resources + every placement click. Lines = walls · curves = elevation contours. ◆ gold · ⬟ stone · ● berries · ✦ relic · ◌ wall gap
Your base· ✓ Closed at 20:55 · 43t walls · no gate
Survivalist's base· Open — opponent sealed themselves in
Smoothed initial terrain · ◌ = detected wall gap · hover for details
Inputs per minute
— DS_Overtaken - - Survivalist
Build order — DS_Overtaken
First 150 of 197 actions detected
| 0:00 | Create | Villager (Male) |
| 0:01 | Create | Villager (Male) |
| 0:01 | Create | Villager (Male) |
| 0:02 | Build | House |
| 0:03 | Build | House |
| 0:06 | Create | Villager (Male) |
| 1:30 | Create | Villager (Male) |
| 1:55 | Create | Villager (Male) |
| 2:02 | Build | Lumber Camp |
| 2:12 | Create | Villager (Male) |
| 2:39 | Create | Villager (Male) |
| 3:09 | Create | Villager (Male) |
| 3:42 | Create | Villager (Male) |
| 3:48 | Build | House |
| 4:01 | Create | Villager (Male) |
| 4:22 | Build | Barracks |
| 4:27 | Create | Villager (Male) |
| 4:54 | Create | Villager (Male) |
| 4:57 | Build | House |
| 5:14 | Create | Militia |
| 5:14 | Create | Militia |
| 5:21 | Create | Villager (Male) |
| 5:37 | Create | Militia |
| 5:47 | Build | Palisade Wall |
| 5:49 | Create | Villager (Male) |
| 5:49 | Create | Villager (Male) |
| 6:10 | Build | Palisade Wall |
| 6:11 | Build | Palisade Wall |
| 6:13 | Build | Palisade Wall |
| 6:15 | Create | Villager (Male) |
| 6:33 | Create | Villager (Male) |
| 6:44 | Build | Mill |
| 7:04 | Create | Villager (Male) |
| 7:25 | Create | Villager (Male) |
| 7:32 | Research | Loom |
| 7:34 | Build | Mining Camp |
| 8:02 | Research | Feudal Age |
| 8:39 | Create | Militia |
| 8:42 | Build | House |
| 9:05 | Create | Militia |
| 9:25 | Create | Militia |
| 9:30 | Build | Palisade Wall |
| 9:31 | Build | House |
| 9:40 | Build | Farm |
| 9:42 | Build | Farm |
| 9:56 | Create | Villager (Male) |
| 10:04 | Build | Palisade Wall |
| 10:31 | Age | Feudal Age |
| 10:33 | Research | Man-at-Arms (upgrade) |
| 10:33 | Research | Man-at-Arms (upgrade) |
| 10:34 | Create | Villager (Male) |
| 10:41 | Build | Archery Range |
| 10:51 | Build | Palisade Wall |
| 10:58 | Create | Villager (Male) |
| 11:00 | Build | Farm |
| 11:06 | Build | Palisade Wall |
| 11:20 | Build | Farm |
| 11:27 | Build | Palisade Wall |
| 11:32 | Create | Spearman |
| 11:49 | Create | Villager (Male) |
| 11:56 | Create | Villager (Male) |
| 12:10 | Create | Villager (Male) |
| 12:12 | Build | Farm |
| 12:13 | Build | House |
| 12:14 | Build | Palisade Wall |
| 12:20 | Build | Palisade Wall |
| 12:21 | Create | Archer |
| 12:24 | Build | Farm |
| 12:36 | Create | Spearman |
| 12:45 | Create | Archer |
| 13:05 | Create | Villager (Male) |
| 13:07 | Create | Villager (Male) |
| 13:12 | Create | Villager (Male) |
| 13:22 | Build | Farm |
| 13:25 | Build | Farm |
| 13:26 | Create | Villager (Male) |
| 13:29 | Build | Palisade Wall |
| 13:30 | Create | Archer |
| 13:39 | Build | Palisade Wall |
| 13:40 | Research | Double-Bit Axe |
| 13:52 | Build | Palisade Wall |
| 14:00 | Create | Villager (Male) |
| 14:07 | Build | Farm |
| 14:10 | Create | Villager (Male) |
| 14:12 | Create | Archer |
| 14:23 | Build | Palisade Wall |
| 14:29 | Build | Farm |
| 14:30 | Create | Archer |
| 14:36 | Create | Villager (Male) |
| 14:39 | Create | Archer |
| 14:58 | Create | Villager (Male) |
| 15:00 | Build | Farm |
| 15:09 | Build | Farm |
| 15:09 | Build | Farm |
| 15:14 | Create | Archer |
| 15:17 | Build | Farm |
| 15:40 | Research | Wheelbarrow |
| 15:42 | Build | House |
| 15:43 | Build | House |
| 15:50 | Create | Archer |
| 16:12 | Build | House |
| 16:14 | Create | Archer |
| 16:18 | Research | Gold Mining |
| 16:32 | Build | Farm |
| 16:35 | Create | Villager (Male) |
| 16:43 | Create | Archer |
| 17:15 | Create | Villager (Male) |
| 17:29 | Build | Stable |
| 17:39 | Create | Villager (Male) |
| 17:41 | Create | Archer |
| 18:07 | Build | Farm |
| 18:11 | Create | Scout Cavalry |
| 18:15 | Research | Castle Age |
| 18:15 | Research | Castle Age |
| 18:15 | Research | Castle Age |
| 18:17 | Build | House |
| 18:34 | Create | Scout Cavalry |
| 18:47 | Build | Blacksmith |
| 18:54 | Create | Scout Cavalry |
| 18:55 | Create | Archer |
| 18:58 | Build | Farm |
| 19:04 | Create | Archer |
| 19:17 | Research | Fletching |
| 19:17 | Research | Fletching |
| 19:29 | Create | Archer |
| 19:47 | Create | Villager (Male) |
| 20:03 | Create | Archer |
| 20:08 | Research | Scale Barding Armor |
| 20:23 | Create | Villager (Male) |
| 20:25 | Create | Archer |
| 20:27 | Create | Scout Cavalry |
| 20:42 | Research | Horse Collar |
| 20:43 | Build | Farm |
| 20:47 | Build | Farm |
| 20:55 | Age | Castle Age |
| 20:59 | Research | Crossbowman (upgrade) |
| 21:00 | Create | Knight |
| 21:15 | Build | Archery Range |
| 21:18 | Research | Bodkin Arrow |
| 21:20 | Create | Cavalry Archer |
| 21:29 | Create | Villager (Male) |
| 21:52 | Create | Villager (Male) |
| 21:52 | Create | Cavalry Archer |
| 22:00 | Create | Knight |
| 22:04 | Build | Lumber Camp |
| 22:17 | Create | Villager (Male) |
| 22:18 | Create | Cavalry Archer |
| 22:18 | Create | Cavalry Archer |
| 22:30 | Create | Cavalry Archer |
| 22:30 | Create | Cavalry Archer |
Build order — Survivalist
First 150 of 178 actions detected
| 0:00 | Create | Villager (Male) |
| 0:02 | Build | House |
| 0:02 | Build | House |
| 0:04 | Create | Villager (Male) |
| 0:05 | Create | Villager (Male) |
| 0:07 | Create | Villager (Male) |
| 0:07 | Create | Villager (Male) |
| 1:20 | Create | Villager (Male) |
| 1:52 | Create | Villager (Male) |
| 2:01 | Create | Villager (Male) |
| 2:25 | Build | Lumber Camp |
| 2:51 | Create | Villager (Male) |
| 2:51 | Create | Villager (Male) |
| 3:19 | Create | Villager (Male) |
| 3:19 | Create | Villager (Male) |
| 3:27 | Create | Villager (Male) |
| 3:27 | Create | Villager (Male) |
| 3:53 | Build | House |
| 3:54 | Build | House |
| 3:55 | Build | Palisade Wall |
| 4:06 | Create | Villager (Male) |
| 4:06 | Create | Villager (Male) |
| 4:52 | Build | Mill |
| 4:54 | Create | Villager (Male) |
| 5:35 | Create | Villager (Male) |
| 5:37 | Create | Villager (Male) |
| 5:37 | Create | Villager (Male) |
| 5:50 | Research | Loom |
| 6:07 | Build | Lumber Camp |
| 7:03 | Research | Feudal Age |
| 7:40 | Build | Barracks |
| 8:05 | Build | Palisade Wall |
| 8:08 | Build | Palisade Wall |
| 8:14 | Build | Palisade Wall |
| 8:14 | Build | Palisade Wall |
| 8:15 | Build | Palisade Wall |
| 8:17 | Build | Palisade Wall |
| 8:30 | Build | House |
| 8:48 | Create | Villager (Male) |
| 9:05 | Create | Villager (Male) |
| 9:07 | Build | Palisade Wall |
| 9:12 | Build | Palisade Wall |
| 9:15 | Age | Feudal Age |
| 9:18 | Build | Palisade Wall |
| 9:20 | Create | Villager (Male) |
| 9:22 | Build | House |
| 9:27 | Build | Stable |
| 9:35 | Research | Double-Bit Axe |
| 9:36 | Research | Double-Bit Axe |
| 9:40 | Build | House |
| 9:54 | Create | Villager (Male) |
| 10:06 | Build | Palisade Wall |
| 10:08 | Build | Palisade Wall |
| 10:09 | Build | Palisade Wall |
| 10:12 | Create | Villager (Male) |
| 10:23 | Create | Scout Cavalry |
| 10:24 | Create | Scout Cavalry |
| 10:33 | Build | Farm |
| 10:34 | Build | Farm |
| 10:35 | Build | Farm |
| 10:37 | Build | Farm |
| 10:39 | Build | Farm |
| 10:40 | Create | Villager (Male) |
| 10:53 | Create | Scout Cavalry |
| 10:54 | Create | Villager (Male) |
| 11:01 | Build | Farm |
| 11:06 | Build | Farm |
| 11:31 | Create | Villager (Male) |
| 11:52 | Build | Archery Range |
| 11:58 | Create | Villager (Male) |
| 12:08 | Create | Scout Cavalry |
| 12:12 | Build | Watch Tower |
| 12:17 | Build | House |
| 12:35 | Build | House |
| 12:43 | Create | Villager (Male) |
| 12:56 | Create | Villager (Male) |
| 13:01 | Create | Scout Cavalry |
| 13:03 | Create | Scout Cavalry |
| 13:09 | Create | Scout Cavalry |
| 13:16 | Create | Villager (Male) |
| 13:21 | Build | Farm |
| 13:23 | Build | Farm |
| 13:24 | Create | Archer |
| 13:30 | Create | Skirmisher |
| 13:46 | Build | House |
| 13:49 | Build | Palisade Wall |
| 13:49 | Build | Palisade Wall |
| 14:02 | Create | Villager (Male) |
| 14:05 | Create | Skirmisher |
| 14:14 | Create | Villager (Male) |
| 14:17 | Create | Skirmisher |
| 14:22 | Build | Palisade Wall |
| 14:26 | Create | Villager (Male) |
| 14:29 | Build | Mining Camp |
| 14:36 | Create | Skirmisher |
| 14:48 | Create | Skirmisher |
| 14:48 | Create | Villager (Male) |
| 15:05 | Build | Farm |
| 15:06 | Build | Farm |
| 15:12 | Create | Villager (Male) |
| 15:35 | Research | Horse Collar |
| 15:35 | Research | Horse Collar |
| 15:40 | Create | Villager (Male) |
| 15:40 | Create | Villager (Male) |
| 15:56 | Build | Blacksmith |
| 16:10 | Research | Wheelbarrow |
| 16:24 | Build | Farm |
| 16:37 | Create | Skirmisher |
| 16:44 | Build | House |
| 16:46 | Build | House |
| 16:47 | Build | House |
| 16:48 | Build | House |
| 16:52 | Research | Fletching |
| 16:54 | Create | Villager (Male) |
| 17:11 | Build | House |
| 17:26 | Build | Farm |
| 17:36 | Create | Villager (Male) |
| 17:57 | Build | Lumber Camp |
| 18:12 | Build | Farm |
| 18:33 | Create | Villager (Male) |
| 18:40 | Create | Skirmisher |
| 18:47 | Build | House |
| 19:01 | Create | Villager (Male) |
| 19:08 | Build | House |
| 19:48 | Research | Castle Age |
| 19:48 | Research | Castle Age |
| 19:56 | Build | Farm |
| 19:57 | Build | Farm |
| 19:57 | Build | Farm |
| 20:03 | Create | Skirmisher |
| 20:38 | Create | Villager (Male) |
| 20:47 | Build | Archery Range |
| 20:51 | Build | Archery Range |
| 21:06 | Build | House |
| 21:12 | Build | Farm |
| 21:19 | Research | Gold Mining |
| 21:43 | Create | Scout Cavalry |
| 22:03 | Create | Skirmisher |
| 22:03 | Create | Skirmisher |
| 22:05 | Create | Skirmisher |
| 22:16 | Create | Villager (Male) |
| 22:28 | Age | Castle Age |
| 22:28 | Build | Market |
| 22:32 | Research | Elite Skirmisher (upgrade) |
| 22:43 | Research | Bodkin Arrow |
| 22:47 | Create | Villager (Male) |
| 22:58 | Create | Skirmisher |
| 23:08 | Create | Villager (Male) |
| 23:10 | Create | Skirmisher |
| 23:10 | Create | Skirmisher |
Match timeline
| 3:55 | Survivalist · wall_segment Palisade Wall x1 |
| 4:22 | DS_Overtaken · first_building Barracks |
| 5:47 | DS_Overtaken · wall_segment Palisade Wall x3 |
| 6:10 | DS_Overtaken · wall_segment Palisade Wall x1 |
| 6:11 | DS_Overtaken · wall_segment Palisade Wall x1 |
| 6:13 | DS_Overtaken · wall_segment Palisade Wall x3 |
| 7:40 | Survivalist · first_building Barracks |
| 8:05 | Survivalist · wall_segment Palisade Wall x1 |
| 8:08 | Survivalist · wall_segment Palisade Wall x1 |
| 8:14 | Survivalist · wall_segment Palisade Wall x1 |
| 8:14 | Survivalist · wall_segment Palisade Wall x1 |
| 8:15 | Survivalist · wall_segment Palisade Wall x1 |
| 8:17 | Survivalist · wall_segment Palisade Wall x1 |
| 9:07 | Survivalist · wall_segment Palisade Wall x1 |
| 9:12 | Survivalist · wall_segment Palisade Wall x1 |
| 9:15 | Survivalist · age_up feudal |
| 9:18 | Survivalist · wall_segment Palisade Wall x1 |
| 9:27 | Survivalist · first_building Stable |
| 9:30 | DS_Overtaken · wall_segment Palisade Wall x1 |
| 10:04 | DS_Overtaken · wall_segment Palisade Wall x3 |
| 10:06 | Survivalist · wall_segment Palisade Wall x1 |
| 10:08 | Survivalist · wall_segment Palisade Wall x1 |
| 10:09 | Survivalist · wall_segment Palisade Wall x1 |
| 10:31 | DS_Overtaken · age_up feudal |
| 10:41 | DS_Overtaken · first_building Archery Range |
| 10:51 | DS_Overtaken · wall_segment Palisade Wall x4 |
| 11:06 | DS_Overtaken · wall_segment Palisade Wall x1 |
| 11:27 | DS_Overtaken · wall_segment Palisade Wall x5 |
| 11:52 | Survivalist · first_building Archery Range |
| 12:14 | DS_Overtaken · wall_segment Palisade Wall x5 |
| 12:20 | DS_Overtaken · wall_segment Palisade Wall x4 |
| 13:29 | DS_Overtaken · wall_segment Palisade Wall x7 |
| 13:39 | DS_Overtaken · wall_segment Palisade Wall x6 |
| 13:49 | Survivalist · wall_segment Palisade Wall x1 |
| 13:49 | Survivalist · wall_segment Palisade Wall x1 |
| 13:52 | DS_Overtaken · wall_segment Palisade Wall x4 |
| 14:22 | Survivalist · wall_segment Palisade Wall x1 |
| 14:23 | DS_Overtaken · wall_segment Palisade Wall x1 |
| 17:29 | DS_Overtaken · first_building Stable |
| 20:55 | DS_Overtaken · age_up castle |
| 22:28 | Survivalist · age_up castle |
| 23:34 | Survivalist · first_market_buy 100 wood |
| 23:35 | DS_Overtaken · wall_segment Palisade Wall x2 |
| 26:27 | Survivalist · first_market_sell 100 wood |
| 26:39 | Survivalist · resign |
[ AI ANALYSIS · 1 CREDIT ]
What really happened in this match?
Wolo.gg analyzes every decision: build order, eco, micro, common mistakes by bracket. Personalized analysis on WhatsApp or Discord in 30 seconds.
Civ guide
Khmer
Perfil
Jugador #4632681